 Dungeon Crawl Stone Soup version 0.22.0-27-ga576289 (webtiles) character file.

1758 Azzok the Geomancer (level 9, -7/45 HPs)
             Began as a Gargoyle Earth Elementalist on Aug 22, 2018.
             Was a Believer of Vehumet.
             Mangled by an unseen horror (8 damage)
             ... on level 7 of the Dungeon.
             The game lasted 00:11:28 (7759 turns).

Azzok the Geomancer (Gargoyle Earth Elementalist)   Turns: 7759, Time: 00:11:29

Health: -7/45      AC:  8    Str: 15    XL:     9   Next: 6%
Magic:  1/12       EV: 12    Int: 18    God:    Vehumet [**....]
Gold:   305        SH:  0    Dex: 10    Spells: 3/12 levels left

rFire    . . .     SeeInvis .   n - +1 trident (venom)
rCold    . . .     Gourm    .   (no shield)
rNeg     + . .     Faith    .   c - +0 robe
rPois    ∞         Spirit   .   (no helmet)
rElec    +         Reflect  .   (no cloak)
rCorr    .         Harm     .   (no gloves)
MR       .....                  (no boots)
Stlth    ++........             (no amulet)
HPRegen  0.15/turn              j - +2 ring of strength
MPRegen  0.13/turn              (no ring)

@: hasted, very quick
A: negative energy resistance 1, electricity resistance, unbreathing,
petrification resistance, rot immunity, AC +6
a: Renounce Religion


You were on level 7 of the Dungeon.
You worshipped Vehumet.
Vehumet was pleased with you.
You were not hungry.

You visited 1 branch of the dungeon, and saw 7 of its levels.

You collected 305 gold pieces.

Inventory:

Hand Weapons
 n - a +1 trident of venom (weapon)
Missiles
 b - 195 stones (quivered)
Armour
 c - a +0 robe (worn)
 k - a +0 buckler
Jewellery
 j - a +2 ring of strength (left hand)
Scrolls
 f - 3 scrolls of teleportation {unknown}
 h - a scroll of fog {unknown}
 m - 2 scrolls of magic mapping {unknown}
 o - 2 scrolls of fear {unknown}
 p - a scroll of remove curse {unknown}
 q - 5 scrolls of identify {unknown}
Potions
 a - 2 potions of lignification {unknown}
 e - 3 potions of haste
 g - 3 potions of curing {unknown}
 i - 2 potions of brilliance {unknown}
 l - a potion of heal wounds {unknown}
 r - a potion of mutation {unknown}
Comestibles
 d - 10 rations


   Skills:
 - Level 1.5 Dodging
 - Level 2.1 Stealth
 - Level 2.0 Spellcasting
 + Level 8.1 Conjurations
   Level 0.7 Transmutations
 + Level 10.7 Earth Magic


You had 3 spell levels left.
You knew the following spells:

 Your Spells              Type           Power        Failure   Level  Hunger
a - Sandblast             Erth           #####.       1%          1    #......
b - Stone Arrow           Conj/Erth      #####.       1%          3    ###....
c - Lee's Rapid Deconstr  Erth           #####.....   6%          5    ######.

Your spell library contained the following spells:

 Spells                   Type           Power        Failure   Level  Hunger
 Shock                    Conj/Air       ###.         3%          1    #......
 Passwall                 Tmut/Erth      ###.....     2%          2    ###....
 Flame Tongue             Conj/Fire      ###..        3%          1    #......
 Throw Flame              Conj/Fire      ###...       5%          2    ###....
 Conjure Flame            Conj/Fire      ###.....     11%         3    ###....
 Beastly Appendage        Tmut           #.....       14%         1    #......
 Sticks to Snakes         Tmut           #.......     21%         2    ###....
 Spider Form              Tmut/Pois      #.........   43%         3    ###....
 Inner Flame              Hex/Fire       #.......     47%         3    ###....
 Petrify                  Tmut/Erth      ###.....     17%         4    #####..
 Sticky Flame             Conj/Fire      ###.....     34%         4    #####..
 Fireball                 Conj/Fire      ###.......   67%         5    ######.
 Ice Form                 Ice/Tmut       #.......     83%         4    #####..
 Blade Hands              Tmut           #.........   98%         5    ######.


Dungeon Overview and Level Annotations

Branches:
Dungeon (7/15)             Temple (0/1) D:5

Altars:
Fedhas
Hepliaklqana
Ru
Trog
Vehumet
Wu Jian

Annotations:
D:3 2 transporters, Enish's ghost, weakling VSAK


Innate Abilities, Weirdness & Mutations

You are resistant to torment.
Your stone body is resilient. (AC +6)
You are immune to poison.
You resist negative energy. (rN+)
You are resistant to electric shocks. (rElec)
You can survive without breathing.
You are immune to petrification.
You are immune to rotting.


Message History

Confirm with . or Enter, or press ? or * to list all spells.
Aiming: Sandblast (safe; 1% risk of failure)
Press: ? - help, Shift-Dir - straight line
b - 195 stones
* * * LOW MAGIC WARNING * * *
Something hits you but does no damage.
You barely miss something. Something hits you but does no damage.
Something hits you.
* * * LOW HITPOINT WARNING * * *
Something hits you!
* * * LOW HITPOINT WARNING * * *
You feel yourself speed up. Something hits you.
* * * LOW HITPOINT WARNING * * *
Something hits you.
* * * LOW HITPOINT WARNING * * *
An adder comes into view.
Something hits you but does no damage.
The adder hisses angrily.
You hit something. Something hits you!
You die...

▒··· ▒·▒▒· ▒·· ▒··▒· ▒··
▒▒·▒· ▒·· ▒··· ▒▒·▒▒ ▒▒··
▒···▒ ▒)· ▒···▒ ▒·▒ ▒▒·
▒···▒▒▒▒▒▒▒▒▒▒·▒ ▒·
▒S··'··{@····▒·▒ ▒·▒▒▒·
▒···▒▒▒▒▒▒▒▒·▒·▒ ▒·····
▒···▒ ▒·▒·▒ ▒▒▒▒▒▒ ▒·%·▒
▒·▒·▒ ▒····· ▒···▒ ▒·▒·▒
▒·▒▒▒▒
▒···▒▒▒▒▒▒▒▒·▒'▒▒▒▒▒·▒··▒
▒···▒············▒······▒
▒···▒············▒·▒·▒·▒▒
············▒·▒·▒···


You could see an adder.

Vanquished Creatures
  Grinder (D:4)
  Menkaure (D:4)
  A sky beast (D:6)
  An orc warrior (D:7)
  2 ogres
  A centaur (D:5)
  Blork the orc (D:3)
  A bullfrog (D:6)
  2 scorpions (D:5)
  A howler monkey (D:5)
  3 crimson imps (D:5)
  A centaur skeleton (D:7)
  A gnoll shaman (D:6)
  4 orc priests (D:5)
  A hound (D:5)
  2 orc wizards (D:7)
  Terence (D:3)
  Natasha (thrice) (D:2)
  4 worker ants
  A hound skeleton (D:4)
  6 adders
  4 gnolls (D:6)
  A worm (D:3)
  4 dart slugs
  3 leopard geckos
  10 orcs
  A ball python (D:3)
  6 giant cockroaches
  8 goblins
  9 hobgoblins
  13 jackals
  7 bats
  3 frilled lizards
  2 kobolds (D:3)
  6 rats
116 creatures vanquished.

Notes
Turn   | Place    | Note
-------+----------+-------------------------------------------
     0 | D:1      | Azzok the Gargoyle Earth Elementalist began the quest for the Orb.
     0 | D:1      | Reached XP level 1. HP: 10/10 MP: 3/3
   152 | D:1      | Reached skill level 4 in Earth Magic
   240 | D:1      | Reached XP level 2. HP: 15/15 MP: 1/5
  1006 | D:2      | Noticed Natasha
  1009 | D:2      | Noticed a crimson imp
  1240 | D:2      | Killed Natasha
  1240 | D:2      | Reached skill level 5 in Earth Magic
  1240 | D:2      | Reached XP level 3. HP: 14/19 MP: 1/6
  1247 | D:2      | Noticed Natasha
  1318 | D:2      | Killed Natasha
  1318 | D:2      | Reached skill level 6 in Earth Magic
  1318 | D:2      | Reached XP level 4. HP: 24/24 MP: 3/7
  1360 | D:2      | Learned a level 3 spell: Stone Arrow
  1434 | D:2      | Noticed Natasha
  1438 | D:2      | Killed Natasha
  1438 | D:2      | Reached skill level 1 in Conjurations
  1788 | D:2      | Found a radiant altar of Vehumet.
  2263 | D:3      | Reached XP level 5. HP: 24/28 MP: 1/8
  2825 | D:3      | Noticed Terence
  2839 | D:2      | Became a worshipper of Vehumet
  2932 | D:3      | Killed Terence
  2970 | D:3      | Noticed Enish's ghost (weakling VSAK)
  3001 | D:3      | Found a hazy altar of Hepliaklqana.
  3086 | D:3      | Found a transporter.
  3118 | D:3      | Found a transporter.
  3268 | D:3      | Found a sacrificial altar of Ru.
  3352 | D:4      | Noticed Blork the orc
  3354 | D:4      | Noticed an ogre
  3359 | D:3      | Killed Blork the orc
  3359 | D:3      | Reached skill level 7 in Earth Magic
  3359 | D:3      | Reached XP level 6. HP: 15/32 MP: 1/9
  3597 | D:4      | Noticed Menkaure
  3793 | D:4      | Killed Menkaure
  3793 | D:4      | Reached XP level 7. HP: 29/36 MP: 3/10
  3875 | D:4      | Reached skill level 8 in Earth Magic
  4012 | D:4      | Learned a level 5 spell: Lee's Rapid Deconstruction
  4027 | D:4      | Noticed Grinder
  4033 | D:4      | Paralysed by Grinder for 2 turns
  4038 | D:4      | Killed Grinder
  4038 | D:4      | Reached * piety under Vehumet
  4038 | D:4      | Offered knowledge of Sting by Vehumet.
  4038 | D:4      | Reached skill level 5 in Conjurations
  4618 | D:4      | Found an ornate altar of the Wu Jian Council.
  4751 | D:5      | Entered Level 5 of the Dungeon
  4751 | D:5      | Found a blossoming altar of Fedhas.
  4982 | D:5      | Reached skill level 9 in Earth Magic
  4982 | D:5      | Reached XP level 8. HP: 38/41 MP: 0/11
  5474 | D:5      | Found a staircase to the Ecumenical Temple.
  5482 | D:5      | Reached ** piety under Vehumet
  5672 | D:5      | Offered knowledge of Shock by Vehumet.
  5905 | D:5      | Found a bloodstained altar of Trog.
  6155 | D:6      | Reached skill level 10 in Earth Magic
  7479 | D:7      | Reached XP level 9. HP: 45/45 MP: 4/12
  7758 | D:7      | HP: 1/45 [something (3)]
  7759 | D:7      | Mangled by an unseen horror

Skill      XL: |  1  2  3  4  5  6  7  8 |
---------------+-------------------------+-----
Earth Magic    | 4 5 6 7 9 10 | 10.7
Conjurations   | 1 3 4 5 8 |  8.1
Dodging        | |  1.5
Stealth        | |  2.1
Spellcasting   | |  2.0
Transmutations | |  0.7

Action                   |  1- 3 |  4- 6 |  7- 9 || total
-------------------------+-------+-------+-------++-------
Melee: Trident           |       |    37 |   108 ||   145
       Unarmed           |       |    12 |       ||    12
Throw: Stone             |       |     1 |       ||     1
 Cast: Sandblast         |    29 |    36 |    21 ||    86
       Stone Arrow       |       |    15 |    40 ||    55
       Lee's Rapid Decon |       |       |     2 ||     2
  Use: Potion            |       |       |     1 ||     1
 Stab: Sleeping          |       |       |     4 ||     4
  Eat: Chunk             |     1 |    10 |    13 ||    24
       Ration            |       |       |     2 ||     2
Armor: Robe              |     2 |    34 |    61 ||    97
Dodge: Dodged            |     5 |    62 |    83 ||   150
